SL
ATHLETIC CLUB KC @ PHOENIX HOTSPUR
06/22/2034
 
TOP OF THE 1ST
Athletic Club KC batting - Pitching for Phoenix Hotspur : RHP José Quiñones
Pitching: RHP José Quiñones
Batting: LHB Melvin Castro 0-0: Called Strike
0-1: Ball
1-1: Swinging Strike
1-2: Ball
2-2: Ball
3-2: Base on Balls
Batting: SHB Akihiko Fujii 0-0: DOUBLE (Flyball, 78D)
Melvin Castro to third
Melvin Castro scores
Batting: LHB Ramón Morterero 0-0: DOUBLE (Flyball, 78XD)
Akihiko Fujii scores
Batting: LHB Pablo Hernández 0-0: Called Strike
0-1: SINGLE (Groundball, 56D)
Ramón Morterero to third
Runner from 3rd tries for Home, SAFE, throw made home
Batting: RHB Andrés Medina 0-0: Called Strike
0-1: Ball
1-1: Foul Ball, location: 2F
1-2: Ball
2-2: Strikes out swinging
Batting: SHB Pedro Vázquez 0-0: Grounds into double play, 4-6-3 (Groundball, 4)
Top of the 1st over - 3 runs, 3 hits, 0 errors, 0 left on base; Athletic Club KC 3 - Phoenix 0
BOTTOM OF THE 1ST
Phoenix Hotspur batting - Pitching for Athletic Club KC : RHP Stanley Yelnats
Pitching: RHP Stanley Yelnats
Batting: LHB Mare Riseley 0-0: Ball
1-0: Ball
2-0: Called Strike
2-1: Ball
3-1: Foul Ball, location: 2F
3-2: Ground out 4-3 (Groundball, 4)
Batting: RHB Kyle Bywaters 0-0: Ball
1-0: Ball
2-0: Foul Ball, location: 2F
2-1: Ball
3-1: Fly out, F9 (Flyball, 9S)
Batting: LHB Tadayoshi Watanabe 0-0: Ball
1-0: SINGLE (Line Drive, 9S)
Batting: LHB Harumi Takaki 0-0: Called Strike
0-1: Ball
1-1: SINGLE (Line Drive, 34D)
Tadayoshi Watanabe to second
Batting: RHB Gabriel Pérez 0-0: DOUBLE (Line Drive, 7LS)
Tadayoshi Watanabe scores
Harumi Takaki to third
Batting: RHB Martín Talia 0-0: Foul Ball, location: 2F
0-1: Swinging Strike
0-2: Ball
1-2: Strikes out swinging
Bottom of the 1st over - 1 run, 3 hits, 0 errors, 2 left on base; Athletic Club KC 3 - Phoenix 1
TOP OF THE 2ND
Athletic Club KC batting - Pitching for Phoenix Hotspur : RHP José Quiñones
Batting: LHB Wu-shun Chu 0-0: Ball
1-0: Ball
2-0: Called Strike
2-1: Ball
3-1: Base on Balls
Batting: LHB Onye Mahusay 0-0: Swinging Strike
0-1: Ball
1-1: Ball
Wu-shun Chu steals 2nd base
2-1: SINGLE (Line Drive, 8RS)
Wu-shun Chu to third
Runner from 3rd tries for Home, SAFE, no throw
Batting: RHB Roger Caffyn 0-0: Called Strike
Onye Mahusay steals 2nd base
0-1: Foul Ball, location: 2F
0-2: Strikes out swinging
Batting: LHB Melvin Castro 0-0: Called Strike
0-1: Foul Ball, location: 2F
0-2: Ball
1-2: Ball
2-2: Ball
3-2: Fly out, F8 (Flyball, 8RD)
Batting: SHB Akihiko Fujii 0-0: Called Strike
0-1: DOUBLE (Flyball, 78D)
Onye Mahusay scores
Batting: LHB Ramón Morterero 0-0: Called Strike
0-1: Ball
Balk!
Akihiko Fujii to third
1-1: Called Strike
1-2: Strikes out swinging
Top of the 2nd over - 2 runs, 2 hits, 0 errors, 1 left on base; Athletic Club KC 5 - Phoenix 1
BOTTOM OF THE 2ND
Phoenix Hotspur batting - Pitching for Athletic Club KC : RHP Stanley Yelnats
Batting: RHB Julián De Paz 0-0: SINGLE (Line Drive, 8LS)
Batting: LHB Corey Ferguson 0-0: Called Strike
0-1: Ball
1-1: Foul Ball, location: 2F
1-2: Ball
2-2: SINGLE (Groundball, 4MD)
Julián De Paz to second
Runner from 2nd tries for 3rd, SAFE, no throw
Batting: RHB Lopahin Davletyarov 0-0: Hit by Pitch
Corey Ferguson to second
Batting: LHB Mare Riseley 0-0: Swinging Strike
0-1: Ball
1-1: Swinging Strike
1-2: Ball
2-2: Foul Ball, location: 2F
2-2: Strikes out swinging
Batting: RHB Kyle Bywaters 0-0: Ball
1-0: Called Strike
1-1: Swinging Strike
1-2: Fly out, F1 (Line Drive, 15)
Batting: LHB Tadayoshi Watanabe 0-0: Called Strike
0-1: Swinging Strike
0-2: GRAND SLAM HOME RUN (Flyball, 89XD), Distance : 432 ft
Batting: LHB Harumi Takaki 0-0: Called Strike
0-1: Ball
1-1: Ball
2-1: Ball
3-1: Base on Balls
Batting: RHB Gabriel Pérez 0-0: Ball
1-0: Called Strike
1-1: Fly out, F9 (Flyball, 9LSF)
Bottom of the 2nd over - 4 runs, 3 hits, 0 errors, 1 left on base; Athletic Club KC 5 - Phoenix 5
TOP OF THE 3RD
Athletic Club KC batting - Pitching for Phoenix Hotspur : RHP José Quiñones
Batting: LHB Pablo Hernández 0-0: SINGLE (Groundball, 5D)
Batting: RHB Andrés Medina 0-0: Ball
1-0: Ball
2-0: Foul Ball, location: 2F
2-1: SINGLE (Flyball, 78M)
Pablo Hernández to second
Batting: SHB Pedro Vázquez 0-0: Foul Ball, location: 2F
0-1: Ball
1-1: SINGLE (Groundball, 4MD)
Pablo Hernández to third
Andrés Medina to second
Batting: LHB Wu-shun Chu 0-0: Ball
1-0: Called Strike
1-1: SINGLE (Line Drive, 4D)
Pablo Hernández scores
Andrés Medina to third
Pedro Vázquez to second
Batting: LHB Onye Mahusay 0-0: Ball
1-0: Ball
2-0: Foul Ball, location: 2F
2-1: Foul Ball, location: 2F
2-2: Foul Ball, location: 2F
2-2: Fielders Choice at 2nd, 4-6 (Groundball, 34)
Andrés Medina scores
Pedro Vázquez to third
Batting: RHB Roger Caffyn 0-0: Called Strike
Onye Mahusay steals 2nd base
0-1: Called Strike
0-2: Foul Ball, location: 2F
0-2: Fly out, F8 (Flyball, 8RS)
Runner from 3rd tags up, SCORES, no throw
Batting: LHB Melvin Castro 0-0: Swinging Strike
0-1: Swinging Strike
0-2: Ground out 4-3 (Groundball, 4M)
Top of the 3rd over - 3 runs, 4 hits, 0 errors, 1 left on base; Athletic Club KC 8 - Phoenix 5
BOTTOM OF THE 3RD
Phoenix Hotspur batting - Pitching for Athletic Club KC : RHP Stanley Yelnats
Batting: RHB Martín Talia 0-0: Fly out, F9 (Flyball, 9LD)
Batting: RHB Julián De Paz 0-0: Foul Ball, location: 2F
0-1: Swinging Strike
0-2: Ball
1-2: SINGLE (Line Drive, 6)
Batting: LHB Corey Ferguson 0-0: Ball
1-0: Foul Ball, location: 2F
1-1: Foul Ball, location: 2F
1-2: Ball
2-2: SINGLE (Groundball, 34D)
Julián De Paz to second
Runner from 2nd tries for 3rd, SAFE, no throw
Batting: RHB Lopahin Davletyarov 0-0: Foul Ball, location: 2F
0-1: SINGLE (Line Drive, 6MD)
Julián De Paz scores
Corey Ferguson to second
Batting: LHB Mare Riseley 0-0: Ball
Wild Pitch!
Corey Ferguson to third
Lopahin Davletyarov to second
1-0: Ball
2-0: Called Strike
2-1: Ground out 5-3 (Groundball, 56)
Corey Ferguson scores
Batting: RHB Kyle Bywaters 0-0: Ball
1-0: Foul Ball, location: 2F
1-1: Fly out, F8 (Flyball, 78D)
Bottom of the 3rd over - 2 runs, 3 hits, 0 errors, 1 left on base; Athletic Club KC 8 - Phoenix 7
TOP OF THE 4TH
Athletic Club KC batting - Pitching for Phoenix Hotspur : RHP José Quiñones
Batting: SHB Akihiko Fujii 0-0: Foul Ball, location: 2F
0-1: Ball
1-1: Foul Ball, location: 2F
1-2: Fly out, F5 (Popup, 5)
Batting: LHB Ramón Morterero 0-0: SINGLE (Groundball, 4D)
Batting: LHB Pablo Hernández 0-0: SINGLE (Flyball, 78S)
Ramón Morterero to second
Batting: RHB Andrés Medina 0-0: Swinging Strike
0-1: Foul Ball, location: 2F
0-2: Fly out, F7 (Flyball, 78S)
Batting: SHB Pedro Vázquez 0-0: Ball
1-0: Reached on error, E6 (Groundball, 6)
Ramón Morterero to third
Pablo Hernández to second
Batting: LHB Wu-shun Chu 0-0: Foul Ball, location: 2F
0-1: Ball
1-1: Ball
2-1: Ball
3-1: Ground out 4-3 (Groundball, 4)
Top of the 4th over - 0 runs, 2 hits, 1 error, 3 left on base; Athletic Club KC 8 - Phoenix 7
BOTTOM OF THE 4TH
Phoenix Hotspur batting - Pitching for Athletic Club KC : RHP Stanley Yelnats
Batting: LHB Tadayoshi Watanabe 0-0: Ground out 1-3 (Groundball, 13S)
Batting: LHB Harumi Takaki 0-0: Swinging Strike
0-1: Ball
1-1: Swinging Strike
1-2: Foul Ball, location: 2F
1-2: Ball
2-2: Ball
3-2: Foul Ball, location: 2F
3-2: Fly out, F3 (Line Drive, 3L)
Batting: RHB Gabriel Pérez 0-0: Ball
1-0: Called Strike
1-1: Ball
2-1: Foul Ball, location: 2F
2-2: Foul Ball, location: 2F
2-2: Foul Ball, location: 2F
2-2: Foul Ball, location: 2F
2-2: Strikes out swinging
Bottom of the 4th over - 0 runs, 0 hits, 0 errors, 0 left on base; Athletic Club KC 8 - Phoenix 7
TOP OF THE 5TH
Athletic Club KC batting - Pitching for Phoenix Hotspur : RHP José Quiñones
Batting: LHB Onye Mahusay 0-0: Ball
1-0: Foul Ball, location: 2F
1-1: Swinging Strike
1-2: Ball
2-2: Foul Ball, location: 2F
2-2: Ground out 5-3 (Groundball, 5)
Batting: RHB Roger Caffyn 0-0: Ground out 4-3 (Groundball, 4)
Batting: LHB Melvin Castro 0-0: Called Strike
0-1: Foul Ball, location: 2F
0-2: Foul Ball, location: 2F
0-2: Ball
1-2: Ball
2-2: Ball
3-2: Base on Balls
Batting: SHB Akihiko Fujii 0-0: Ball
1-0: Ball
2-0: Called Strike
2-1: Ground out 4-3 (Groundball, 4)
Top of the 5th over - 0 runs, 0 hits, 0 errors, 1 left on base; Athletic Club KC 8 - Phoenix 7
BOTTOM OF THE 5TH
Phoenix Hotspur batting - Pitching for Athletic Club KC : RHP Stanley Yelnats
Batting: RHB Martín Talia 0-0: Ball
1-0: Foul Ball, location: 2F
1-1: Ball
2-1: Ball
3-1: Swinging Strike
3-2: Strikes out swinging
Batting: RHB Julián De Paz 0-0: Called Strike
0-1: Ball
1-1: Called Strike
1-2: Ball
2-2: Ball
3-2: Foul Ball, location: 2F
3-2: Ground out 1-3 (Groundball, 13)
Batting: LHB Corey Ferguson 0-0: Called Strike
0-1: Ball
1-1: Foul Ball, location: 2F
1-2: Ball
2-2: Fly out, F8 (Line Drive, 78S)
Bottom of the 5th over - 0 runs, 0 hits, 0 errors, 0 left on base; Athletic Club KC 8 - Phoenix 7
TOP OF THE 6TH
Athletic Club KC batting - Pitching for Phoenix Hotspur : RHP José Quiñones
Pitching: RHP Roger Taylor
Batting: LHB Ramón Morterero 0-0: Called Strike
0-1: Foul Ball, location: 2F
0-2: Ball
1-2: Strikes out looking
Batting: LHB Pablo Hernández 0-0: Ball
1-0: Ball
2-0: Called Strike
2-1: Called Strike
2-2: Strikes out swinging
Batting: RHB Andrés Medina 0-0: Foul Ball, location: 2F
0-1: Ball
1-1: Ball
2-1: Foul Ball, location: 2F
2-2: Ball
3-2: Foul Ball, location: 2F
3-2: Base on Balls
Batting: SHB Pedro Vázquez 0-0: Called Strike
0-1: Ball
1-1: Called Strike
1-2: Strikes out swinging
Top of the 6th over - 0 runs, 0 hits, 0 errors, 1 left on base; Athletic Club KC 8 - Phoenix 7
BOTTOM OF THE 6TH
Phoenix Hotspur batting - Pitching for Athletic Club KC : RHP Stanley Yelnats
Pitching: RHP Taalay Ibragimov
Batting: RHB Lopahin Davletyarov 0-0: Called Strike
0-1: Ball
1-1: Foul Ball, location: 2F
1-2: DOUBLE (Line Drive, 3D)
Batting: LHB Mare Riseley 0-0: Swinging Strike
0-1: Bunted foul
0-2: Foul Ball, location: 2F
0-2: Ball
1-2: SINGLE (Line Drive, 56D)
Lopahin Davletyarov to third
Runner from 3rd tries for Home, SAFE, no throw
Batting: RHB Kyle Bywaters 0-0: Sac Bunt - play at first, batter OUT! 1-4
Mare Riseley to second
Batting: LHB Tadayoshi Watanabe 0-0: SINGLE (Line Drive, 9S)
Mare Riseley to third
Batting: LHB Harumi Takaki 0-0: Called Strike
0-1: Called Strike
0-2: Fly out, F7 (Flyball, 7D)
Runner from 3rd tags up, SCORES, no throw
Batting: RHB Gabriel Pérez 0-0: Ball
1-0: Fly out, F6 (Line Drive, 6)
Bottom of the 6th over - 2 runs, 3 hits, 0 errors, 1 left on base; Athletic Club KC 8 - Phoenix 9
TOP OF THE 7TH
Athletic Club KC batting - Pitching for Phoenix Hotspur : RHP Roger Taylor
Batting: LHB Wu-shun Chu 0-0: Foul Ball, location: 2F
0-1: DOUBLE (Line Drive, 9D)
Batting: LHB Onye Mahusay 0-0: Called Strike
0-1: Foul Ball, location: 2F
0-2: Ground out 6-3 (Groundball, 6)
Wu-shun Chu to third
Pinch Hitting: LHB Tsai Ng 0-0: Fly out, F8 (Flyball, 78M)
Runner from 3rd tags up, SCORES, no throw
Batting: LHB Melvin Castro 0-0: Swinging Strike
0-1: Ball
1-1: Ball
2-1: Ball
3-1: Called Strike
3-2: Ground out 4-3 (Groundball, 4)
Top of the 7th over - 1 run, 1 hit, 0 errors, 0 left on base; Athletic Club KC 9 - Phoenix 9
BOTTOM OF THE 7TH
Phoenix Hotspur batting - Pitching for Athletic Club KC : RHP Taalay Ibragimov
Now at 1B: Tsai Ng
Batting: RHB Martín Talia 0-0: Ball
1-0: Foul Ball, location: 2F
1-1: Called Strike
1-2: Ground out 5-3 (Groundball, 56S)
Batting: RHB Julián De Paz 0-0: Ball
1-0: Swinging Strike
1-1: Reached on error, E6 (Groundball, 6)
Batting: LHB Corey Ferguson 0-0: Foul Ball, location: 2F
0-1: Swinging Strike
0-2: Ball
1-2: Ball
2-2: SINGLE (Groundball, 4) (infield hit)
Julián De Paz to second
Pinch Runner at 1st Mark Detamore:
Batting: RHB Lopahin Davletyarov 0-0: Called Strike
0-1: Foul Ball, location: 2F
0-2: Foul Ball, location: 2F
0-2: Ball
1-2: Ball
2-2: Ground out 5-3 (Groundball, 56S)
Julián De Paz to third
Mark Detamore to second
Batting: LHB Mare Riseley 0-0: Called Strike
0-1: Ball
1-1: Ball
2-1: Fly out, F8 (Flyball, 8LM)
Bottom of the 7th over - 0 runs, 1 hit, 1 error, 2 left on base; Athletic Club KC 9 - Phoenix 9
TOP OF THE 8TH
Athletic Club KC batting - Pitching for Phoenix Hotspur : RHP Roger Taylor
Now at C: Mark Detamore
Batting: SHB Akihiko Fujii 0-0: Called Strike
0-1: Ball
1-1: Ball
2-1: Called Strike
2-2: Ball
3-2: Base on Balls
Batting: LHB Ramón Morterero 0-0: Ball
1-0: Ball
2-0: Foul Ball, location: 2F
2-1: Foul Ball, location: 2F
2-2: Foul Ball, location: 2F
2-2: Foul Ball, location: 2F
2-2: Fielders Choice at 2nd, 1-6 (Groundball, 13S)
Pitching: RHP Alexander Weareorwear
Batting: LHB Pablo Hernández 0-0: Swinging Strike
0-1: Swinging Strike
0-2: Ball
1-2: Strikes out swinging
Batting: RHB Andrés Medina 0-0: Ball
Ramón Morterero is caught stealing 2nd base
Top of the 8th over - 0 runs, 0 hits, 0 errors, 0 left on base; Athletic Club KC 9 - Phoenix 9
BOTTOM OF THE 8TH
Phoenix Hotspur batting - Pitching for Athletic Club KC : RHP Taalay Ibragimov
Batting: RHB Kyle Bywaters 0-0: Ball
1-0: Foul Ball, location: 2F
1-1: Ball
2-1: Ground out 1-3 (Groundball, 13S)
Batting: LHB Tadayoshi Watanabe 0-0: Called Strike
0-1: Ball
1-1: Foul Ball, location: 2F
1-2: Strikes out swinging
Batting: LHB Harumi Takaki 0-0: Ball
1-0: Ball
2-0: Called Strike
2-1: Foul Ball, location: 2F
2-2: Foul Ball, location: 2F
2-2: Ball
3-2: Foul Ball, location: 2F
3-2: SINGLE (Popup, 4MS)
Batting: RHB Gabriel Pérez 0-0: Foul Ball, location: 2F
0-1: Ball
1-1: Ball
2-1: Fly out, F3 (Popup, 3SF)
Bottom of the 8th over - 0 runs, 1 hit, 0 errors, 1 left on base; Athletic Club KC 9 - Phoenix 9
TOP OF THE 9TH
Athletic Club KC batting - Pitching for Phoenix Hotspur : RHP Alexander Weareorwear
Pitching: RHP Morris Prinkey
Batting: RHB Andrés Medina 0-0: Fly out, F7 (Flyball, 78S)
Batting: SHB Pedro Vázquez 0-0: Foul Ball, location: 2F
0-1: Swinging Strike
0-2: Ball
1-2: Strikes out swinging, 2-3 out at first.
Batting: LHB Wu-shun Chu 0-0: Called Strike
0-1: Ball
1-1: Ball
2-1: Foul Ball, location: 2F
2-2: Strikes out swinging
Top of the 9th over - 0 runs, 0 hits, 0 errors, 0 left on base; Athletic Club KC 9 - Phoenix 9
BOTTOM OF THE 9TH
Phoenix Hotspur batting - Pitching for Athletic Club KC : RHP Taalay Ibragimov
Batting: RHB Martín Talia 0-0: Fly out, F8 (Flyball, 8LD)
Batting: RHB Julián De Paz 0-0: Ball
1-0: Ball
2-0: Ball
3-0: Base on Balls
Pitching: LHP Mike Truk
Pinch Runner at 1st Wagaw Lukongolo:
Batting: LHB Mark Detamore 0-0: Called Strike
0-1: Ball
1-1: Ball
2-1: Ball
3-1: Called Strike
3-2: Strikes out swinging
Throwing error on steal attempt, E2
Wagaw Lukongolo to third
Batting: RHB Lopahin Davletyarov 0-0: Ball
1-0: Called Strike
1-1: SINGLE (Line Drive, 4M)
Wagaw Lukongolo scores
Friday, March 29th, 2019 - OOTP Baseball 18.8 Build 76